woodfighter, chaotic female human Barbarian ------- ------- --}}}}}-- ------------ |.._..| --}}...}}-- -- |`..`..`..`| |`...`| -----|}}.....}}| --...#.......[[.| |.....| |(((||}.......}| -- --....|-+------|-| ----|---- |...||}...(...}| -- .-- --.....#..........-----|.......|---------|--|}.......}| --------.........----.... --...............#.......#.....||.....|}}.....}}| --..........}}}......G....--a...........................`.|-.....|-}}%%[}}-- |<..........}{}......o....-.@...........)..............._.-......|--}}.}}-- --..........}}}..........%--aa..........[...............`.|-.....|.---+---. --------.........----.... --...............#.......#.....||))...|. . . ....... -- .-- .--.....#..........-----|.......|---------|---... ..... . . -- ------ . --....|-|------|-| ----|---- . . . . . ..... ..... ...........--...#....)[....|.....|.....|...........*... . ... . . . . . . -- |`..`.)`..`|. .|`.%.`|. . . . . . ... ... ... . ... ...- ------------... .|.._..|. ... ... ... ... ..... . . . . . . . . . . .-------. . . . . . . ...} ... ........... ... ... ................... ........... ... ..... ..... ..}} .}}{ woodfighter the Bandit Experience level: 9 Strength: 18/02 Dexterity: 17 Constitution: 18 Intelligence: 7 Wisdom: 8 Charisma: 8 Health: 0(83) Energy: 24(24) Def: 14 Gold: 0 Moves: 6343 Dungeon seed: XChCSyc323JQ8HM0 Game ID: woodfighter_1444856942 Your Inventory: Weapons a - a rusty very corroded +0 battle-axe (weapon in hands) G - 10 +0 daggers (in quiver) Armor n - an uncursed +0 pair of gauntlets of dexterity (being worn) z - a blessed +2 dwarvish cloak (being worn) L - an uncursed +1 pair of iron shoes (being worn) O - an uncursed +0 dwarvish iron helm (being worn) P - an uncursed +0 dwarvish mithril-coat (being worn) Comestibles f - 2 uncursed tripe rations j - an uncursed lizard corpse p - an uncursed sprig of wolfsbane E - an uncursed pizza Rings m - an uncursed ring of cold resistance Wands c - a wand of magic missile (0:3) h - a wand of sleep (0:6) i - a wand of digging (0:4) v - a wand of magic missile (0:5) w - a wand of digging (0:5) I - a wand of striking (0:8) Tools s - an uncursed bag of holding M - an uncursed pair of lenses (being worn) N - an uncursed skeleton key S - a +0 unicorn horn Gems b - an uncursed luckstone x - an uncursed flint stone Contents of the bag of holding: 438 gold pieces a +0 elven dagger 6 uncursed food rations an uncursed scroll of confuse monster an uncursed scroll of create monster a blessed scroll of destroy armor an uncursed scroll of teleportation an uncursed spellbook of cure sickness an uncursed spellbook of detect treasure an uncursed spellbook of teleport away a blessed potion of blindness 2 uncursed potions of confusion an uncursed potion of extra healing an uncursed potion of full healing an uncursed potion of healing an uncursed potion of speed a cursed ring of teleportation a wand of make invisible (0:4) a wand of make invisible (0:3) an uncursed blindfold an uncursed magic whistle an uncursed oilskin sack a +0 pick-axe 7 uncursed tallow candles (0:200) 3 uncursed wax candles (0:400) 2 uncursed agate stones an uncursed chrysoberyl stone 4 uncursed flint stones an uncursed garnet stone an uncursed turquoise stone 2 uncursed worthless pieces of black glass an uncursed worthless piece of blue glass 3 uncursed worthless pieces of orange glass 4 uncursed worthless pieces of red glass an uncursed worthless piece of violet glass 2 uncursed worthless pieces of white glass 4 uncursed worthless pieces of yellowish brown glass Spells and supernatural/magical abilities: Name Level Category Fail Memory W - pray for help -- divine ? -- Your skills at the end: Miscellaneous Skills bare handed combat [Basic] Weapon Skills axe [Expert] short sword [Basic] Spellcasting Skills Final Attributes: You were devoutly aligned. You were poison resistant. You were fast. You were lucky. You had extra luck. Bad luck did not time out for you. Good luck did not time out for you. You are dead. Vanquished creatures: a giant mimic a baby purple worm an earth elemental 5 small mimics a quantum mechanic a dwarf king a chameleon a python an incubus a giant beetle a wolf a spotted jelly a lizard a giant spider a horse a black light 2 gnome kings a gold golem a dog a jaguar a blue jelly a white unicorn a raven 2 soldier ants a baby crocodile 6 Mordor orcs 12 orc shamans a rock piercer a pony a yellow light a violet fungus 14 gnome lords a gnomish wizard a black naga hatchling a guardian naga hatchling a barrow wight a ghoul 7 giant ants a little dog a floating eye a kitten 18 dwarves 3 iguanas 7 hill orcs a rothe a rabid rat a centipede a wererat 8 killer bees 2 gas spores 8 hobbits an acid blob 3 geckos 2 hobgoblins 2 giant rats a brown mold a yellow mold a green mold 62 gnomes 9 garter snakes 3 jackals a fox a kobold 2 newts 2 goblins 5 sewer rats 13 grid bugs a bat 3 lichens 2 kobold zombies 247 creatures vanquished. Voluntary challenges: You used a wielded weapon 368 times, starting on turn 56. You read items or engraved 3 times, starting on turn 4058. You never genocided any monsters. You never polymorphed an object. You never changed form. You used no wishes. You never split a pudding. You never wrote Elbereth's name. You violated your moral code, losing 5 points of alignment, starting on turn 2077. Dungeon overview: The Dungeons of Doom: levels 1 to 4 Level 1 an altar to Mitra a long staircase Level 2 a general store, a fountain Level 3 (closed shop) a fountain stairs to The Gnomish Mines Level 4 a fountain The Gnomish Mines: levels 4 to 12 Level 4 stairs to The Dungeons of Doom Level 5 Level 6 Level 7 many shops, a temple to Mitra, a magic chest, some fountains, some trees Level 8 Level 9 Level 10 Level 11 Level 12 <- You were here many altars to Moloch, some fountains History has recorded: On T:1 you entered the Dungeons of Doom to retrieve the Amulet of Yendor! On T:397 you reached level 2 of The Dungeons of Doom. On T:418 you advanced to experience level 2. On T:617 you reached level 3 of The Dungeons of Doom. On T:667 you advanced to experience level 3. On T:924 you advanced to experience level 4. On T:1104 you reached level 1 of The Gnomish Mines. On T:1143 you reached level 4 of The Dungeons of Doom. On T:1592 you advanced to experience level 5. On T:1680 you reached level 2 of The Gnomish Mines. On T:2036 you advanced to experience level 6. On T:2197 you reached level 3 of The Gnomish Mines. On T:2698 you advanced to experience level 7. On T:2861 you reached level 4 of The Gnomish Mines. On T:3156 you entered the Minetown temple On T:3166 you opened a magic chest. On T:3167 you opened a magic chest. On T:3172 you opened a magic chest. On T:3201 you opened a magic chest. On T:3371 you reached level 5 of The Gnomish Mines. On T:3717 you opened a magic chest. On T:4037 you opened a magic chest. On T:4038 you opened a magic chest. On T:4056 you opened a magic chest. On T:4056 you opened a magic chest. On T:4063 you opened a magic chest. On T:4185 you opened a magic chest. On T:4186 you opened a magic chest. On T:4187 you opened a magic chest. On T:4264 you advanced to experience level 8. On T:4274 you reached level 6 of The Gnomish Mines. On T:4652 you reached level 7 of The Gnomish Mines. On T:5078 you reached level 8 of The Gnomish Mines. On T:5386 you reached level 9 of The Gnomish Mines. On T:5386 you reached the bottom of the Mines. On T:5826 you advanced to experience level 9. Score breakdown: Gold: 438 ( 43 points) Experience: 9 levels ( 800 points) Exploration: 12 levels ( 330 points) Discoveries: 14 items ( 700 points) Variety of kills: 70 monsters ( 2000 points) Major goal: reached Mine's End ( 1000 points) Survival: died (score multiplied by 3) Total score: 14619 Latest messages: You put an uncursed red gem into the bag called holding. You put an uncursed blue gem into the bag called holding. Your movements are now unencumbered. B - an uncursed white gem. e - an uncursed yellow gem. v - 4 uncursed yellowish brown gems. You put an uncursed smoky potion into the magic chest. You put an uncursed milky potion into the magic chest. You put an uncursed yellowish brown gem into the magic chest. You put 3 uncursed white gems into the magic chest. You put 2 uncursed yellow gems into the magic chest. You put an uncursed violet gem into the magic chest. You put an uncursed red gem into the magic chest. You put an uncursed orange gem into the magic chest. Your movements are now unencumbered. You cannot drop something you are wearing. You drop an uncursed +0 dwarvish cloak. You swing your battle-axe in a wide arc. You smite the soldier ant. The soldier ant bites! The soldier ant stings! The soldier ant misses. (2x) The soldier ant bites! You die... The oilskin sack is empty. The oilskin sack is empty. Final status: Goodbye woodfighter the Barbarian, killed by a soldier ant... You died in The Gnomish Mines on dungeon level 12 with 14619 points, and 438 pieces of gold, after 6343 moves. You were level 9 with a maximum of 83 hit points when you died.